 Dungeon Crawl Stone Soup version 0.23.0-3-gf3c87f2 (webtiles) character file.

Game seed: 3452397417421257453

412 zishaf the Grave Robber (level 6, 0/47 HPs)
             Began as a Mummy Necromancer on Feb 22, 2019.
             Slain by an orc priest
             ... wielding a +1 morningstar of freezing
              (2 damage)
             ... on level 4 of the Dungeon.
             The game lasted 00:09:34 (4648 turns).

zishaf the Grave Robber (Mummy Necromancer)         Turns: 4648, Time: 00:09:35

Health: 0/47       AC:  7    Str: 11    XL:     6   Next: 59%
Magic:  1/13       EV: 12    Int: 17    God:
Gold:   250        SH:  0    Dex: 12    Spells: 5/14 levels left

rFire    x . .     SeeInvis .   i - +0 dagger (curse)
rCold    + . .     Gourm    .   (no shield)
rNeg     + + +     Faith    .   m - +2 robe {MR+}
rPois    ∞         Spirit   .   (no helmet)
rElec    .         Reflect  .   (no cloak)
rCorr    .         Harm     .   (no gloves)
MR       +....                  (no boots)
Stlth    ++........             (no amulet)
HPRegen  0.15/turn              l - +3 ring of protection
MPRegen  0.13/turn              (no ring)

@: about to teleport
A: no food or potions, fire vulnerability, cold resistance 1, negative energy
resistance 3, torment resistance, unbreathing
a: no special abilities


You were on level 4 of the Dungeon.
You were not hungry.

You visited 1 branch of the dungeon, and saw 4 of its levels.

You collected 250 gold pieces.

Inventory:

Hand Weapons
 a - a +0 hunting sling
 b - a +0 short sword
 d - a +4 blowgun
 i - a cursed +0 dagger (weapon)
 p - a +2 dagger of venom
Missiles
 c - 112 stones (quivered)
 k - 47 sling bullets
 n - a poisoned needle
 q - 4 tomahawks
Armour
 g - a +0 shield
 m - a +2 robe of magic resistance (worn)
Jewellery
 l - a +3 ring of protection (left hand)
Scrolls
 e - 2 scrolls of identify
 f - 2 scrolls of blinking
 o - 2 scrolls of enchant weapon
 r - a scroll of fog {unknown}


   Skills:
 + Level 3.0 Fighting
 - Level 2.0 Dodging
 - Level 2.0 Stealth
 + Level 2.1 Shields
 + Level 4.9 Spellcasting
 + Level 5.2 Necromancy


You had 5 spell levels left.
You knew the following spells:

 Your Spells              Type           Power        Failure   Level  Hunger
a - Pain                  Necr           ###.         1%          1    N/A
b - Animate Skeleton      Necr           N/A          1%          1    N/A
c - Vampiric Draining     Necr           ###.......   4%          3    N/A
d - Animate Dead          Necr           N/A          17%         4    N/A

Your spell library contained the following spells:

 Spells                   Type           Power        Failure   Level  Hunger
 Regeneration             Chrm/Necr      Unusable     N/A         3    N/A

Dungeon Overview and Level Annotations

Branches:
Dungeon (4/15)
 Temple: D:4-7

Altars:
Cheibriados
Dithmenos

Annotations:
D:3 1 runed translucent door, Grinder; Prakerore's ghost, weakling HOMo


Innate Abilities, Weirdness & Mutations

You do not eat or drink.
Your flesh is vulnerable to fire.
You are immune to poison.
Your flesh is cold resistant. (rC+)
You are immune to negative energy. (rN+++)
You are immune to unholy pain and torment.
You can survive without breathing.


Message History

The orc priest hits you with a +1 morningstar of freezing!
* * * LOW HITPOINT WARNING * * *
The orc priest freezes you.
* * * LOW HITPOINT WARNING * * *
You hear a shout!
As you read the scroll labeled BOIVVY AMMU, it crumbles to dust.
It is a scroll of enchant weapon.
Your +1 dagger of venom glows red for a moment.
The orc priest barely misses you.
As you read the scroll labeled COLICIU JELESO, it crumbles to dust.
It is a scroll of identify.
f - 2 scrolls of blinking The orc priest hits you with a +1 morningstar of freezing!
* * * LOW HITPOINT WARNING * * *
As you read the scroll labeled BINENG REJAU, it crumbles to dust.
You feel aware of your surroundings.
It was a scroll of magic mapping.
As you read the scroll labeled LAAFOI KISTEN, it crumbles to dust.
You feel strangely unstable.
It was a scroll of teleportation.
The orc priest hits you with a +1 morningstar of freezing.
You die...

#.# ###.# *,** #.*
***** ##### #..$#
*,,, *,* *,,,*
#...####...###****
*,* *,,,*
###.##o......# *,*
*,,,*
#............# **
*,* **+**
###o##.......# *,
####.# **,*
#.####...###***,
.....# *,** ###.#
#.....,,,,, ######
**,* #@oo#
###.###**** *,**
##### #.# **,**
*.# *,,,**
******** #.*
*,*,,* *,,,,,,*
#.# *+,,+*
*,****,* #.#
*,,,,* *,* #,*
#.#### #####
**,,,*
*,***#.###.##.##
....# **,**
*,**,>.........#


You could see an orc priest and an orc.

Vanquished Creatures
  Sigmund (D:3)
  An orc priest (D:3)
  Jessica (D:3)
  2 orc wizards (D:4)
  3 gnolls (D:3)
  A howler monkey skeleton (D:4)
  An adder (D:2)
  2 worms
  4 dart slugs
  A leopard gecko (D:1)
  5 orcs
  4 bats
  2 giant cockroaches
  8 goblins
  4 hobgoblins
  4 jackals
  3 quokkas
  A ball python skeleton (D:4)
  5 frilled lizards
  A jackal skeleton (D:4)
  5 kobolds
  7 rats
66 creatures vanquished.

Vanquished Creatures (collateral kills)
  A worm (D:3)
  An orc (D:3)
  A bat (D:1)
  A frilled lizard (D:1)
  2 kobolds (D:1)
6 creatures vanquished.

Grand Total: 72 creatures vanquished

Notes
Turn   | Place    | Note
-------+----------+-------------------------------------------
     0 | D:1      | zishaf the Mummy Necromancer began the quest for the Orb.
     0 | D:1      | Reached XP level 1. HP: 13/13 MP: 4/4
    45 | D:1      | Learned a level 1 spell: Animate Skeleton
   190 | D:1      | Reached XP level 2. HP: 20/20 MP: 0/5
   450 | D:1      | HP: 1/20 [kobold/+0 short sword (4)]
   917 | D:1      | Reached skill level 1 in Fighting
   922 | D:1      | Reached XP level 3. HP: 26/26 MP: 7/7
  1275 | D:2      | Learned a level 3 spell: Vampiric Draining
  1504 | D:2      | Found a snail-covered altar of Cheibriados.
  1541 | D:2      | Found a faded altar of an unknown god.
  2367 | D:3      | Reached XP level 4. HP: 31/32 MP: 1/9
  2477 | D:3      | Noticed Jessica
  2488 | D:3      | Killed Jessica
  2548 | D:3      | Reached skill level 1 in Shields
  2704 | D:3      | Learned a level 4 spell: Animate Dead
  2972 | D:3      | Found a runed translucent door.
  2973 | D:3      | Noticed Prakerore's ghost (weakling HOMo)
  3003 | D:3      | Noticed Sigmund
  3065 | D:3      | HP: 1/33 [something/puff of flame (6)]
  3507 | D:3      | Reached XP level 5. HP: 38/38 MP: 2/10
  3787 | D:3      | Noticed Grinder
  4008 | D:3      | Killed Sigmund
  4008 | D:3      | Reached skill level 5 in Necromancy
  4008 | D:3      | Reached XP level 6. HP: 28/46 MP: 0/12
  4498 | D:4      | Found a shadowy altar of Dithmenos.
  4646 | D:4      | HP: 2/47 [orc priest/+1 morningstar of freezing (9)]
  4648 | D:4      | Slain by an orc priest

Skill      XL: |  1  2  3  4  5  6 |
---------------+-------------------+-----
Spellcasting   | 3 4 |  4.9
Fighting       | 1 2 3 |  3.0
Stealth        | 2 |  2.0
Dodging        | 2 |  2.0
Shields        | 1 2 |  2.1
Necromancy     | 5 |  5.2

Action                   |  1- 3 |  4- 6 || total
-------------------------+-------+-------++-------
Melee: Unarmed           |     9 |       ||     9
       Dagger            |    20 |    39 ||    59
 Fire: Hunting sling     |    28 |       ||    28
 Cast: Pain              |    66 |    82 ||   148
       Animate Skeleton  |    17 |     4 ||    21
       Animate Dead      |       |     2 ||     2
  Use: Scroll            |       |     4 ||     4
 Stab: Sleeping          |     1 |     1 ||     2
Armor: Robe              |    13 |    22 ||    35
Dodge: Dodged            |    33 |    38 ||    71
